[Event "Team 45 45 League T29"]
[Site "Internet Chess Club"]
[Date "2006.02.13"]
[Round "8"]
[White "Mikey29a"]
[Black "qs16"]
[Result "1-0"]
[WhiteElo "1641"]
[BlackElo "1694"]
[TimeControl "2700+45"]

1. e4 c5 2. Nf3 d6 3. d4 cxd4 4. Nxd4 Nf6 5. Nc3 a6 6. f3 e5 7. Nb3 Be6 8. Be3
Nbd7 9. Qd2 Be7 10. O-O-O b5 11. g4 Nb6 12. Kb1 Nc4 13. Bxc4 bxc4 14. Nc1 Rb8
15. h4 Qa5 16. h5 Qb4 17. b3 a5 18. g5 Nd7 19. g6 fxg6 20. hxg6 h6 21. Nd5 Qb7
22. Nxe7 Kxe7 23. Qxd6+ Kf6 24. f4 exf4 25. Qxf4+ Kxg6 26. Rdg1+ Kh7 27. Qxh6+
{Black resigns} 1-0  aics%

[Event "Team 45 45 League T29"]
[Site "Internet Chess Club"]
[Date "2006.02.12"]
[Round "8"]
[White "GadsHill"]
[Black "Invicta-Knight"]
[Result "0-1"]
[WhiteElo "1597"]
[BlackElo "1530"]
[TimeControl "2700+45"]

1. d4 Nf6 2. c4 c5 3. d5 b5 4. Nf3 g6 5. cxb5 a6 6. b6 Qxb6 7. Nc3 d6 8. e4 Bg7
9. Nd2 O-O 10. Be2 Nbd7 11. Nc4 Qc7 12. O-O Bb7 13. Bf4 Rfb8 14. Rc1 Ne8 15. Bg3
a5 16. f4 Ba6 17. b3 Nb6 18. Ne3 Bd4 19. Qd2 Nd7 20. Kh1 Bxe2 21. Qxe2 Bxc3 22.
Rxc3 a4 23. Rb1 Qa5 24. Qc2 Nc7 25. Nc4 axb3 26. Rcxb3 Qa6 27. Rxb8+ Nxb8 28. a3
Nd7 29. h3 Nb5 30. Ra1 Nd4 31. Qd3 Nb6 32. Rc1 Nxc4 33. Rxc4 Qxa3 34. Qxa3 Rxa3
35. e5 Rxg3 36. exd6 {White resigns} 0-1  aics%  Invicta-Knight(340): thanks :)
aics%

[Event "Team 45 45 League T29"]
[Site "Internet Chess Club"]
[Date "2006.02.11"]
[Round "8"]
[White "twintower"]
[Black "hansolo1000"]
[Result "0-1"]
[WhiteElo "1706"]
[BlackElo "1662"]
[TimeControl "2700+45"]

1. e4 c5 2. Nf3 d6 3. d4 cxd4 4. Nxd4 Nf6 5. Nc3 a6 6. f3 e5 7. Nb3 Be6 8. Be3
Be7 9. Qd2 O-O 10. g4 d5 11. g5 Nxe4 12. Nxe4 dxe4 13. fxe4 Nc6 14. O-O-O Qc7
15. g6 fxg6 16. h4 Rad8 17. Bd3 Nb4 18. Kb1 Rxd3 19. cxd3 Bxb3 20. axb3 Qa5 21.
Qc3 Qa2+ 22. Kc1 Qa5 23. Kd2 Qd8 24. Ke2 Nc6 25. d4 Qd7 26. Qc4+ Kh8 27. h5 Qg4+
28. Kd2 exd4 29. Bxd4 Nxd4 30. Kc1 Rc8 {White resigns} 0-1  aics%

[Event "Team 45 45 League T29"]
[Site "Internet Chess Club"]
[Date "2006.02.11"]
[Round "8"]
[White "QuaqQuao"]
[Black "Traho"]
[Result "1-0"]
[WhiteElo "1577"]
[BlackElo "1226"]
[TimeControl "2700+45"]

1. Nf3 Nf6 2. g3 Nc6 3. c4 e5 4. Nc3 Bc5 5. Bg2 O-O 6. O-O a6 7. b3 d6 8. Bb2
Rb8 9. e3 e4 10. Ng5 Nb4 11. Ngxe4 Nd3 12. Rb1 Re8 13. Qe2 Nxb2 14. Rxb2 Bb4 15.
Rbb1 Bf5 16. Nxf6+ Qxf6 17. Nd5 Qg6 18. Rbc1 Bd3 19. Qe1 Bxf1 20. Kxf1 Qd3+ 21.
Qe2 Qxe2+ 22. Kxe2 c6 23. Nxb4 c5 24. Nd3 b5 25. Bc6 Rec8 26. cxb5 axb5 27. Bd5
b4 28. h4 Rc7 29. Nf4 Re8 30. Bc4 Ra7 31. Bb5 Ree7 32. Rc2 Ra5 33. Nd5 Rea7 34.
Ba4 c4 35. Nxb4 Rc7 36. e4 Rcc5 37. Rxc4 Rxc4 38. bxc4 Rxa4 39. Nd5 Rxa2 40. Ke3
Ra7 41. f4 h5 42. Kd4 Ra4 43. d3 Kf8 44. e5 dxe5+ 45. fxe5 Ra1 46. Nf4 Rg1 47.
Nxh5 g6 48. Nf6 Rxg3 49. Ke4 Rh3 50. d4 Rxh4+ 51. Kd5 Ke7 52. c5 Rh8 53. c6 Rc8
54. Kc5 Ke6 55. d5+ Kxe5 56. d6 Kxf6 57. d7 Rxc6+ 58. Kxc6 Ke7 59. Kc7 {Black
resigns} 1-0  aics%

[Event "Team 45 45 League T29"]
[Site "Internet Chess Club"]
[Date "2006.02.13"]
[Round "8"]
[White "SandiaCaveMan"]
[Black "chessterbaggins"]
[Result "1-0"]
[WhiteElo "1425"]
[BlackElo "1284"]
[TimeControl "2700+45"]

1. d4 e6 2. e4 Nf6 3. Bd3 Nc6 4. Nf3 d5 5. e5 Ne4 6. Nbd2 Nxd2 7. Bxd2 Nb4 8.
Bg5 Be7 9. Bxe7 Qxe7 10. Bb5+ Bd7 11. Bxd7+ Qxd7 12. c3 Na6 13. O-O O-O 14. Qc2
c5 15. Ng5 g6 16. f4 Qc6 17. Qf2 cxd4 18. cxd4 Rac8 19. Qe3 Nb4 20. Rfc1 Nc2 21.
Qh3 h5 22. Rab1 Qa4 23. a3 Nxd4 24. Rxc8 Rxc8 25. g4 Ne2+ 26. Kh1 Nxf4 27. Qf3
hxg4 28. Qxg4 Qd4 29. b3 Qxe5 30. Rf1 Kf8 31. Qxf4 Qxf4 32. Rxf4 Rc1+ 33. Kg2
Rc2+ 34. Kf1 Rc1+ 35. Ke2 Rc7 36. Nxe6+ Ke7 37. Nxc7 f5 38. Nxd5+ Ke6 39. Ne3
Ke5 40. Rb4 b6 41. a4 f4 42. Ng4+ Kf5 43. Kf3 g5 44. Re4 Kg6 45. Re7 a5 46. Rb7
Kh5 47. Rxb6 Kh4 48. Rh6# {Black checkmated} 1-0  aics%

[Event "Team 45 45 League T29"]
[Site "Internet Chess Club"]
[Date "2006.02.12"]
[Round "8"]
[White "Conjurer"]
[Black "littleboo"]
[Result "0-1"]
[WhiteElo "1344"]
[BlackElo "1239"]
[TimeControl "2700+45"]

1. e4 e5 2. Nf3 Nc6 3. Bc4 Bc5 4. Nc3 Nf6 5. O-O d6 6. d3 Bg4 7. Be3 Nd4 8. Bxd4
Bxd4 9. h3 Bh5 10. Bb5+ c6 11. Ba4 Qa5 12. Bb3 Bxc3 13. bxc3 Qxc3 14. g4 Bg6 15.
Qd2 Nxe4 16. Qxc3 Nxc3 17. Rfe1 O-O 18. Re3 Rfe8 19. Nd2 d5 20. Nf3 f6 21. a4
Kh8 22. a5 c5 23. Nd2 Rab8 24. Nb1 d4 25. Re1 Nxb1 26. Raxb1 e4 27. Ba4 Re5 28.
Bb5 exd3 29. cxd3 Rxe1+ 30. Rxe1 Kg8 31. Bc4+ Kf8 32. f4 Re8 33. Rb1 Re7 34. Rb5
Rc7 35. Kf2 Ke7 36. Ke2 Kd6 37. Kd2 Re7 38. Rb1 f5 39. g5 Bh5 40. h4 Re2+ 41.
Kc1 Re1+ 42. Kd2 Rxb1 43. Bg8 Rd1+ 44. Kc2 Rf1 45. Bxh7 Rf2+ 46. Kc1 Rf1+ 47.
Kd2 Rxf4 48. Kc2 Ke5 49. Kb3 Rxh4 50. Kc4 Bf7+ 51. Kxc5 Rxh7 52. a6 bxa6 53. g6
Bxg6 54. Kc4 f4 55. Kb3 f3 56. Kc2 f2 57. Kd2 f1=Q 58. Kc2 Qxd3+ 59. Kb2 Qc3+
60. Ka2 Rh2# {White checkmated} 0-1  aics%

[Event "Team 45 45 League T29"]
[Site "Internet Chess Club"]
[Date "2006.02.08"]
[Round "8"]
[White "vhuffst"]
[Black "WzeroMN"]
[Result "1-0"]
[WhiteElo "1321"]
[BlackElo "1175"]
[TimeControl "2700+45"]

1. d4 d5 2. Nf3 g6 3. e3 Bg4 4. h3 Bxf3 5. Qxf3 Nf6 6. Nc3 e6 7. e4 dxe4 8. Nxe4
Nxe4 9. Qxe4 Bg7 10. Qxb7 Nd7 11. c3 Qb8 12. Qc6 Qc8 13. Ba6 Qd8 14. Bg5 f6 15.
Qxe6+ Qe7 16. Qxe7+ Kxe7 17. Bf4 c6 18. O-O-O Rhe8 19. Rhe1+ Kf7 20. Rxe8 Rxe8
21. Bc4+ Ke7 22. Re1+ {Black resigns} 1-0  aics%

[Event "Team 45 45 League T29"]
[Site "Internet Chess Club"]
[Date "2006.02.09"]
[Round "8"]
[White "EyeAm"]
[Black "chevalpnh"]
[Result "0-1"]
[WhiteElo "1318"]
[BlackElo "1438"]
[TimeControl "2700+45"]

1. e4 c6 2. d4 d5 3. exd5 cxd5 4. c4 Nf6 5. Nc3 Bf5 6. Nf3 e6 7. Bg5 Be7 8. c5
O-O 9. Be2 h6 10. Bh4 Nc6 11. O-O Qc7 12. Bg3 Qd7 13. Bb5 Qc8 14. Qa4 Nh5 15.
Bxc6 Qxc6 16. Qxc6 bxc6 17. Ne5 Rac8 18. b4 Nxg3 19. fxg3 Bg5 20. Nf3 Bf6 21. b5
Bd3 22. Rfd1 Bxb5 23. Nxb5 cxb5 24. Rab1 a6 25. Rdc1 Rc6 26. a3 g5 27. g4 Bg7
28. Kf2 f5 29. h3 fxg4 30. hxg4 Bxd4+ 31. Ke2 Rf4 32. Nxd4 Rxd4 33. Kf3 Rd3+ 34.
Kf2 Rxa3 35. g3 Ra4 36. Kf3 Rc4 37. Rxc4 dxc4 38. Ke3 Rxc5 39. Kd4 Rd5+ 40. Ke4
a5 41. Ra1 b4 42. Rc1 c3 43. Rc2 Rd2 {White resigns} 0-1  aics%

[Event "Team 45 45 League T29"]
[Site "Internet Chess Club"]
[Date "2006.02.12"]
[Round "8"]
[White "LaskerFan"]
[Black "houseofcook"]
[Result "1-0"]
[WhiteElo "1420"]
[BlackElo "1323"]
[TimeControl "2700+45"]

1. c4 Nf6 2. Nf3 g6 3. g3 Bg7 4. Nc3 O-O 5. Bg2 c5 6. d4 cxd4 7. Nxd4 Nc6 8. Nf3
d6 9. O-O Be6 10. b3 Qd7 11. Ng5 h6 12. Nxe6 Qxe6 13. e4 Rfd8 14. Bb2 Qc8 15.
Qc2 Ne5 16. Nd5 Qd7 17. f4 Nxd5 18. exd5 Ng4 19. Rae1 Nf6 20. f5 g5 21. Rf2 Qc7
22. Rfe2 Rd7 23. Bxf6 Bxf6 24. Qe4 Re8 25. h4 Qb6+ 26. Kh1 Qc7 27. Bf3 Kg7 28.
Bh5 Qd8 29. hxg5 hxg5 30. Rh2 Be5 31. f6+ exf6 32. Bxf7 Rh8 33. Qg6+ Kf8 34.
Rxh8+ Ke7 35. Rxd8 Rxd8 36. Be6 Rh8+ 37. Kg2 Kd8 38. Qf7 {Black resigns} 1-0 
aics%

[Event "Team 45 45 League T29"]
[Site "Internet Chess Club"]
[Date "2006.02.12"]
[Round "8"]
[White "arconia"]
[Black "JimGaming"]
[Result "0-1"]
[WhiteElo "1354"]
[BlackElo "1317"]
[TimeControl "2700+45"]

1. e4 c5 2. c4 d6 3. Nc3 Nf6 4. Nf3 e6 5. Be2 e5 6. O-O Be7 7. Qc2 Nc6 8. a3 O-O
9. Rb1 Bg4 10. b4 cxb4 11. axb4 Bxf3 12. Bxf3 Nd4 13. Qd3 Qc7 14. Nd5 Nxd5 15.
cxd5 f5 16. Bb2 Nxf3+ 17. Qxf3 fxe4 18. Qxe4 Rf4 19. Qe3 Rxb4 20. d4 Qb6 21. Qe2
Bf6 22. f4 e4 23. g4 Rxb2 24. Rxb2 Qxd4+ 25. Kh1 Qxb2 26. Qxe4 Qd4 27. Qe6+ Kh8
28. g5 Qd3 29. Kg2 Bd4 30. Re1 Qg6 31. Qd7 Qc2+ 32. Kh1 Rg8 33. Re8 Qd1+ 34. Kg2
Qg1+ 35. Kh3 Qf1+ 36. Kg4 Qg2+ 37. Kh5 Qxh2+ 38. Kg4 Qg2+ 39. Kh5 Qf3+ 40. Qg4
Qxg4+ 41. Kxg4 Rxe8 42. f5 a5 43. Kf4 a4 44. f6 gxf6 45. Kf5 fxg5 {White
resigns} 0-1  aics%  ErCaos(71): :P aics%